[Event "42nd Olympiad Baku 2016 Open"]
[Site "Baku"]
[Date "2016.09.06"]
[Round "5.4"]
[White "Chimthere, Alfred Charles"]
[Black "Sands, David A"]
[Result "1/2-1/2"]
[ECO "D04"]
[WhiteElo "2037"]
[BlackElo "2122"]
[Annotator ""]
[PlyCount "92"]
[EventDate "2016.??.??"]
[EventType "team-tourn"]
[EventCountry "AZE"]
[SourceTitle "playchess.com"]
[Source "ChessBase"]
[WhiteTeam "MAW"]
[BlackTeam "Wales"]
[BlackTeamCountry "WLS"]
[TimeControl "40/5400+30:1800+30"]

1. Nf3 {(00:00)} d5 {(00:31)} 2. d4 {(01:30)} Nf6 {
(05:07)} 3. e3 {(00:41)} c6 {(02:50)} 4. Bd3 {(04:
01)} Bg4 {(00:21)} 5. Nbd2 {(01:38)} e6 {(00:28)} 6. b3 {
(02:37)} Nbd7 {(02:13)} 7. Bb2 {(00:51)} Be7 {(00:
07)} 8. O-O {(00:48)} O-O {(00:07)} 9. h3 {(14:35)} Bh5 {
(01:15)} 10. g4 Bg6 {(00:20)} 11. Bxg6 {(03:03)} hxg6 {
(00:09)} 12. Qe2 {(00:38)} Qa5 {(23:05)} 13. c4 {(
06:40)} Bb4 {(20:00)} 14. a3 {(05:40)} Bxd2 {(04:22)} 15.
Nxd2 {(00:53)} b5 {(05:07)} 16. c5 {(04:55)} Qc7 {(
01:54)} 17. Nf3 {(07:12)} a5 {(04:13)} 18. Rac1 {(00:45)}
a4 {(01:38)} 19. b4 {(00:38)} Rfe8 {(02:57)} 20. Ne5 {
(01:34)} Rad8 {(04:38)} 21. Kg2 {(01:37)} Re7 {(01:
39)} 22. h4 {(01:21)} Nxe5 23. dxe5 {(00:06)} Nd7 {(08:30]
} 24. f4 {(02:05)} Kf8 {(01:13)} 25. g5 {(00:54)} Ke8 {
(01:24)} 26. Rh1 {(04:59)} Nf8 {(01:34)} 27. h5 gxh5 {
(00:19)} 28. Qxh5 {(05:46)} g6 {(01:01)} 29. Qh6 {(
01:42)} Kd7 {(00:34)} 30. Qg7 {(01:52)} Kc8 {(01:36)} 31.
Rh8 {(00:59)} Ree8 {(00:59)} 32. Bd4 {(01:04)} Qe7 {
(01:01)} 33. Rch1 {(00:32)} Kc7 {(03:51)} 34. Rg8 {
(01:28)} Kc8 {(00:30)} 35. Rhh8 {(00:31)} Kc7 {(00:
43)} 36. Qf6 {(00:49)} Qd7 {(00:15)} 37. Rg7 {(03:14)} Re7
{(00:08)} 38. Rgg8 {(01:09)} Ree8 {(00:10)} 39. Kf2 {
(01:57)} Kc8 {(00:22)} 40. Qg7 {(00:00)} Qe7 {(00:
00)} 41. Qf6 {(05:05)} Qd7 {(04:27)} 42. Kf3 {(02:21)} Kc7
{(00:45)} 43. Rg7 {(05:06)} Re7 {(00:12)} 44. Rgg8 {
(00:10)} Ree8 {(00:09)} 45. Rg7 {(00:05)} Re7 {(00:
11)} 46. Rgg8 {(00:04)} Ree8 {(00:10] Ke4} 1/2-1/2

[Event "42nd Olympiad Baku 2016 Open"]
[Site "Baku"]
[Date "2016.09.06"]
[Round "5.3"]
[White "Chinasamy, Devarajen"]
[Black "Gonza, Simon"]
[Result "1/2-1/2"]
[ECO "B93"]
[WhiteElo "2018"]
[BlackElo "2096"]
[Annotator ""]
[PlyCount "77"]
[EventDate "2016.??.??"]
[EventType "team-tourn"]
[EventCountry "AZE"]
[SourceTitle "playchess.com"]
[Source "ChessBase"]
[WhiteTeam "Mauritius"]
[BlackTeam "Uganda"]
[WhiteTeamCountry "MRI"]
[BlackTeamCountry "UGA"]
[TimeControl "40/5400+30:1800+30"]

1. e4 {(00:00)} c5 {(01:10)} 2. Nf3 {(00:00)} d6 {(
01:21)} 3. d4 {(00:07)} cxd4 {(00:43)} 4. Nxd4 {(00:08)}
Nf6 {(00:33)} 5. Nc3 {(00:10)} a6 {(00:44)} 6. f4 {
(00:24)} e6 {(03:33)} 7. Bd3 {(02:18)} Be7 {(03:15]
} 8. Nf3 {(03:01)} Nc6 {(02:11)} 9. O-O {(00:45)} O-O {
(05:25)} 10. Qe1 {(02:48)} Nb4 {(03:59)} 11. Qg3 {(
05:48)} Nxd3 {(03:07)} 12. cxd3 {(00:00)} b5 {(00:57)} 13.
Be3 {(09:36)} Bb7 {(04:32)} 14. Rad1 {(02:07)} Rc8 {
(01:56)} 15. a3 {(00:27)} Qa5 {(03:25)} 16. Nd4 {(
07:23)} Kh8 {(07:12)} 17. f5 {(12:49)} e5 {(02:45)} 18.
Nb3 {(01:04)} Qc7 {(01:52)} 19. Rc1 {(01:23)} Qb8 {
(02:46)} 20. Nd2 {(07:56)} d5 {(04:53)} 21. Bg5 {(
06:55)} dxe4 {(02:27)} 22. dxe4 {(08:57)} Rfd8 {(02:50)}
23. Nf3 {(02:54)} Rd3 {(06:10)} 24. Qh4 {(02:38)} Qd6 {
(05:58)} 25. Rcd1 {(05:02)} Qc5+ {(05:56)} 26. Kh1 {
(00:30)} Rcd8 {(00:28)} 27. Rxd3 {(01:18)} Rxd3 {(
00:04)} 28. h3 {(01:17)} Kg8 {(01:36)} 29. Qe1 {(06:50)}
h6 {(00:48)} 30. Bh4 {(00:11)} Nh5 {(04:00)} 31. Bf2 {
(02:45)} Qd6 {(01:26)} 32. Kh2 {(00:31)} Nf4 {(04:
10)} 33. Bg3 {(00:34)} f6 {(02:53)} 34. Bxf4 {(02:34)}
exf4 {(00:07)} 35. Qf2 {(01:54)} Qc7 {(01:59)} 36. Kh1 {
(00:33)} Bc5 {(01:02)} 37. Qc2 {(00:56)} Qd6 {(02:
26)} 38. Nd5 {(02:10)} Rxd5 {(07:00)} 39. exd5 {(00:33)}
1/2-1/2

[Event "42nd Olympiad Baku 2016 Open"]
[Site "Baku"]
[Date "2016.09.06"]
[Round "5.14"]
[White "Choukri, Adel"]
[Black "Yang, ching Wei"]
[Result "1/2-1/2"]
[ECO "E11"]
[WhiteElo "2269"]
[BlackElo "1997"]
[Annotator ""]
[PlyCount "90"]
[EventDate "2016.??.??"]
[EventType "team-tourn"]
[EventCountry "AZE"]
[SourceTitle "playchess.com"]
[Source "ChessBase"]
[WhiteTeam "Morocco"]
[BlackTeam "Taiwan"]
[WhiteTeamCountry "MAR"]
[BlackTeamCountry "TPE"]
[TimeControl "40/5400+30:1800+30"]

1. d4 {(00:00)} Nf6 {(00:00)} 2. c4 {(00:00)} e6 {(
00:00)} 3. Nf3 {(00:00)} Bb4+ {(00:09)} 4. Nbd2 {(00:11)}
c5 {(04:04)} 5. e3 {(08:09)} Nc6 {(03:06)} 6. a3 {(
01:56)} Bxd2+ {(06:25)} 7. Bxd2 {(01:41)} d6 {(04:24)} 8.
b4 O-O {(07:56)} 9. b5 {(10:16)} Ne7 {(00:48)} 10. Be2 {
(01:20)} Qc7 {(04:44)} 11. O-O {(00:28)} e5 {(01:
53)} 12. dxe5 {(05:48)} dxe5 {(00:05)} 13. Bc3 {(00:07)}
Ng6 {(01:20)} 14. Qc2 {(03:52)} b6 {(08:43)} 15. a4 {
(04:33)} a5 {(06:49)} 16. bxa6 {(00:37)} Rxa6 {(00:
38)} 17. Qb2 {(03:44)} Re8 {(01:39)} 18. Qb5 {(03:23)} Re6
{(15:20)} 19. Ng5 {(07:40)} Rd6 {(05:19)} 20. Rfd1 {
(07:15)} h6 {(04:43)} 21. Rxd6 {(01:40)} Qxd6 {(00:
02)} 22. Rd1 {(00:21)} Qe7 {(00:57)} 23. Nf3 {(00:51)} Kh7
{(05:24)} 24. Nd2 {(06:12)} Qa7 {(01:30)} 25. a5 {(
03:14)} bxa5 {(02:09)} 26. Nb3 {(01:04)} Bd7 {(05:02)} 27.
Qxc5 {(00:45)} Ne4 {(00:05)} 28. Qxa7 {(01:02)} Rxa7 {
(00:01)} 29. Be1 {(04:25)} a4 {(02:44)} 30. Ra1 {(
01:35)} Rb7 {(01:15)} 31. Nc1 {(08:00)} Kg8 {(01:31)} 32.
Bf3 {(01:12)} Bc6 {(00:32)} 33. Nd3 {(00:27)} f5 {(
02:53)} 34. g4 {(01:36)} fxg4 {(01:51)} 35. Bxe4 {(00:32)}
Bxe4 {(00:01)} 36. Nc5 {(00:08)} Rb1 {(00:04)} 37. Rxb1 {
(00:37)} Bxb1 {(00:01)} 38. Nxa4 {(00:08)} Kf7 {(
00:36)} 39. Nc3 {(00:34)} Bd3 {(00:46)} 40. c5 {(00:00)}
Nh4 {(00:00)} 41. f4 {(01:14)} Nf3+ {(04:41)} 42. Kf2 {
(00:01)} exf4 {(03:32)} 43. exf4 {(00:03)} Ke6 {(
01:17)} 44. Nd1 {(01:05)} Nxh2 45. Bc3 Nf1 {Kg3 Nh2} 1/2-1/2

[Event "42nd Olympiad Baku 2016 Open"]
[Site "Baku"]
[Date "2016.09.06"]
[Round "5.26"]
[White "Chunguane, Ilidio Alberto"]
[Black "Cofre Archibold, Nestor"]
[Result "1/2-1/2"]
[ECO "A46"]
[WhiteElo "2034"]
[BlackElo "2255"]
[Annotator ""]
[PlyCount "99"]
[EventDate "2016.??.??"]
[EventType "team-tourn"]
[EventCountry "AZE"]
[SourceTitle "playchess.com"]
[Source "ChessBase"]
[WhiteTeam "Mozambique"]
[BlackTeam "Mexico"]
[WhiteTeamCountry "MOZ"]
[BlackTeamCountry "MEX"]
[TimeControl "40/5400+30:1800+30"]

1. d4 {(00:00)} Nf6 {(00:00)} 2. Nf3 {(00:20)} c5 {
(00:56)} 3. c3 {(00:40)} b6 {(00:33)} 4. Bf4 {(00:
23)} Bb7 {(00:25)} 5. e3 {(00:15)} g6 {(00:49)} 6. h3 {
(00:21)} Bg7 {(00:05)} 7. Be2 {(00:02)} O-O {(00:
15)} 8. Nbd2 {(01:19)} d6 {(00:25)} 9. O-O {(00:23)} Nbd7
{(01:42)} 10. Bh2 {(05:31)} Qc7 {(02:51)} 11. Rc1 {
(02:23)} Rad8 {(06:15)} 12. dxc5 {(07:07)} Nxc5 {(
03:29)} 13. c4 {(01:52)} Nfe4 {(01:31)} 14. b4 {(02:12)}
Nxd2 {(03:35)} 15. Nxd2 {(01:16)} Nd7 {(03:15)} 16. Bf3 {
(02:04)} a5 {(00:30)} 17. Bxb7 {(03:11)} Qxb7 {(00:
06)} 18. bxa5 {(02:08)} bxa5 {(00:17)} 19. Qa4 {(00:58)}
Nc5 {(11:11)} 20. Qb5 {(07:09)} Rb8 {(04:21)} 21. Qxa5 {
(07:56)} Ra8 {(09:50)} 22. Qb5 {(01:10)} Rxa2 {(01:
14)} 23. Qxb7 {(01:46)} Nxb7 {(00:06)} 24. Ne4 {(10:51)}
Rc8 {(01:38)} 25. g4 {(03:25)} Ra4 {(01:32)} 26. Kg2 {
(05:44)} Raxc4 {(01:22)} 27. Rxc4 {(00:07)} Rxc4 {(
00:05)} 28. Kf3 {(00:31)} d5 {(02:43)} 29. Nd2 {(00:44)}
Rc2 {(02:54)} 30. Rb1 {(02:31)} Rxd2 {(00:31)} 31. Rxb7 {
(00:03)} Bf6 {(00:26)} 32. Bf4 {(02:40)} g5 {(01:
00)} 33. Bg3 {(05:11)} Kg7 {(01:13)} 34. Rd7 {(00:43)} e5
{(01:39)} 35. Kg2 {(02:34)} Rd1 {(03:21)} 36. e4 {(
03:59)} d4 {(14:30)} 37. Rd5 {(01:39)} Re1 {(10:58)} 38.
Kf3 {(01:28)} Rh1 {(01:57)} 39. Kg2 {(01:43)} Rd1 {
(06:49)} 40. Bxe5 {(00:00)} Bxe5 {(00:00)} 41. Rxe5 {
(01:56)} h6 {(02:20)} 42. Rd5 {(00:36)} Kf6 {(00:
04)} 43. Kf3 {(02:53)} Ke6 {(01:23)} 44. Ke2 {(01:09)} Rh1
{(00:02)} 45. Rxd4 {(00:38)} Rxh3 {(00:07)} 46. Rd5 {
(01:52)} f6 {(02:11)} 47. f3 {(00:55)} Rh2+ {(01:
20)} 48. Ke3 {(00:30)} Ra2 {(01:07)} 49. Rb5 {(00:06)} Ra6
{(01:08)} 50. Kf2 {(00:40)} 1/2-1/2

[Event "42nd Olympiad Baku 2016 Open"]
[Site "Baku"]
[Date "2016.09.06"]
[Round "5.14"]
[White "Collutiis, Duilio"]
[Black "Phiri, Richmond"]
[Result "1-0"]
[ECO "A00"]
[WhiteElo "2441"]
[BlackElo "2342"]
[Annotator ""]
[PlyCount "107"]
[EventDate "2016.??.??"]
[EventType "team-tourn"]
[EventCountry "AZE"]
[SourceTitle "playchess.com"]
[Source "ChessBase"]
[WhiteTeam "ICCD"]
[BlackTeam "ZAM"]
[WhiteTeamCountry "ITA"]
[BlackTeamCountry "ZAM"]
[TimeControl "40/5400+30:1800+30"]

1. g3 {(00:28)} c5 {(02:56)} 2. Bg2 {(00:11)} g6 {(
00:27)} 3. c4 {(03:57)} Bg7 {(00:07)} 4. e3 {(00:07)} Nc6
{(00:20)} 5. Ne2 {(00:06)} e6 {(03:07)} 6. d4 {(09:
00)} cxd4 {(00:07)} 7. exd4 {(03:44)} d5 {(00:14)} 8. cxd5
{(00:06)} exd5 {(00:03)} 9. Nbc3 {(00:07)} Nge7 {(
00:11)} 10. O-O {(01:08)} O-O {(00:38)} 11. Be3 {(06:20)}
Bg4 {(14:24)} 12. f3 {(08:32)} Be6 {(01:24)} 13. g4 {
(00:06)} Re8 {(20:57)} 14. Qd2 {(01:27)} Nc8 {(29:
31)} 15. Rad1 {(05:05)} Nb6 {(01:39)} 16. b3 {(00:08)} Rc8
{(00:43)} 17. Bh6 {(03:18)} Nxd4 {(04:04)} 18. Nxd4 {
(03:36)} Bxh6 {(00:07)} 19. Qxh6 {(00:04)} Rxc3 {(
00:12)} 20. h3 {(03:22)} Bd7 {(03:06)} 21. f4 {(00:26)}
Qe7 {(03:45)} 22. Kh1 {(10:30)} Qf8 {(00:43)} 23. Qh4 {
(00:12)} Ree3 {(08:51)} 24. f5 {(08:49)} Bc6 {(02:
00)} 25. Ne6 {(05:04)} d4 {(01:48)} 26. Nxf8 {(01:00)}
Rxh3+ {(00:09)} 27. Qxh3 {(00:01)} Rxh3+ {(00:08)} 28. Kg1
{(00:02)} Rg3 {(00:14)} 29. Rf2 {(00:13)} Kxf8 {(
00:28)} 30. fxg6 {(01:29)} hxg6 {(00:14)} 31. Rxd4 {(00:
13)} Bxg2 {(01:47)} 32. Rxg2 {(00:36)} Rc3 {(00:18)} 33.
Rgd2 {(00:22)} Rc7 {(00:34)} 34. Kf2 {(00:12)} Ke7 {
(00:18)} 35. Kg3 {(00:42)} Nd7 {(01:10)} 36. Re2+ {
(03:55)} Kf8 {(00:34)} 37. g5 {(03:55)} Nb6 {(00:
31)} 38. Rd8+ {(00:10)} Kg7 {(00:24)} 39. Ree8 {(00:02)}
f5 {(00:44)} 40. Rg8+ {(00:00)} Kf7 {(00:00)} 41. Rdf8+ {
(00:34)} Ke6 {(03:23)} 42. Rxg6+ {(00:16)} Ke5 {(
01:04)} 43. Re8+ {(00:11)} Kd4 {(07:07)} 44. Rd6+ {(01:32]
} Kc5 {(02:33)} 45. Rf6 {(00:17)} Rg7 {(00:13)} 46. Rxf5+
{(00:35)} Kd6 {(00:23)} 47. Kg4 {(00:16)} Kd7 {(01:
16)} 48. Re2 {(00:17)} Nc8 {(00:54)} 49. Rd2+ {(01:18)}
Ke6 {(01:00)} 50. Rf6+ {(00:09)} Ke7 {(00:23)} 51. Re2+ {
(00:11)} Kd7 {(00:08)} 52. g6 {(00:05)} Ne7 {(00:
48)} 53. Rd2+ {(00:10)} Ke8 {(00:25)} 54. Rf8+ {(00:06)}
1-0

[Event "42nd Olympiad Baku 2016 Open"]
[Site "Baku"]
[Date "2016.09.06"]
[Round "5.24"]
[White "Coppola, Claudio"]
[Black "Wilson, Brandon"]
[Result "1-0"]
[ECO "A58"]
[WhiteElo "2230"]
[BlackElo "2074"]
[Annotator ""]
[PlyCount "69"]
[EventDate "2016.??.??"]
[EventType "team-tourn"]
[EventCountry "AZE"]
[SourceTitle "playchess.com"]
[Source "ChessBase"]
[WhiteTeam "Uruguay"]
[BlackTeam "Jamaica"]
[WhiteTeamCountry "URU"]
[BlackTeamCountry "JAM"]
[TimeControl "40/5400+30:1800+30"]

1. d4 {(00:00)} Nf6 {(00:00)} 2. c4 {(00:00)} c5 {(
00:00)} 3. d5 {(00:00)} b5 {(00:06)} 4. cxb5 {(00:00)} a6
{(00:09)} 5. bxa6 {(00:00)} g6 {(00:08)} 6. Nc3 {(
00:05)} Bxa6 {(00:07)} 7. e4 {(00:05)} Bxf1 {(00:06)} 8.
Kxf1 {(00:05)} d6 {(00:22)} 9. Nf3 {(00:11)} Nbd7 {
(00:17)} 10. g3 {(00:07)} Bg7 {(00:08)} 11. Kg2 {(
00:06)} O-O {(00:09)} 12. a4 {(00:06)} Qa5 {(03:38)} 13.
Bd2 {(00:12)} Rfb8 {(01:38)} 14. Nb5 {(02:45)} Qb6 {
(00:42)} 15. Qc2 {(02:34)} Ne8 {(01:48)} 16. Bc3 {(
04:03)} Nc7 {(03:15)} 17. Nxc7 {(09:15)} Qxc7 {(00:21)}
18. Bxg7 {(00:33)} Kxg7 {(00:15)} 19. Nd4 {(00:14)} Qb7 {
(03:18)} 20. Nb5 {(02:57)} Nb6 {(33:56)} 21. b3 {(
01:24)} Nc8 {(00:40)} 22. b4 {(09:46)} cxb4 {(10:44)} 23.
Rhb1 {(02:13)} Na7 {(06:24)} 24. Nc7 {(00:30)} Nc8 {
(15:08)} 25. Nxa8 {(00:46)} Qxa8 {(03:38)} 26. Rxb4 {
(00:23)} Rxb4 {(01:32)} 27. Qc3+ {(00:11)} Kh6 {(
10:18)} 28. Qxb4 {(00:15)} e6 {(00:10)} 29. a5 {(00:35)}
exd5 {(00:22)} 30. Qd2+ {(00:07)} Kg7 {(00:28)} 31. Qxd5 {
(00:26)} Qa6 {(02:02)} 32. Rb1 {(02:02)} Ne7 {(01:
02)} 33. Rb6 {(01:57)} Qe2 {(00:42)} 34. Qd4+ {(00:23)}
Kh6 {(02:39)} 35. Qe3+ {(00:15)} 1-0

[Event "42nd Olympiad Baku 2016 Open"]
[Site "Baku"]
[Date "2016.09.06"]
[Round "5.21"]
[White "Cordova, Emilio"]
[Black "Nedev, Trajko"]
[Result "1/2-1/2"]
[ECO "E68"]
[WhiteElo "2638"]
[BlackElo "2484"]
[Annotator ""]
[PlyCount "96"]
[EventDate "2016.??.??"]
[EventType "team-tourn"]
[EventCountry "AZE"]
[SourceTitle "playchess.com"]
[Source "ChessBase"]
[WhiteTeam "Peru"]
[BlackTeam "Macedonia"]
[WhiteTeamCountry "PER"]
[BlackTeamCountry "MKD"]
[TimeControl "40/5400+30:1800+30"]

1. Nf3 {(00:00)} Nf6 {(00:00)} 2. c4 {(00:00)} g6 {
(00:00)} 3. g3 {(00:01)} Bg7 {(00:00)} 4. Bg2 {(00:
03)} O-O {(00:04)} 5. Nc3 {(00:04)} d6 {(00:06)} 6. d4 {
(00:19)} Nbd7 {(00:05)} 7. O-O {(00:50)} e5 {(00:
04)} 8. e4 {(00:32)} exd4 {(00:18)} 9. Nxd4 {(00:04)} Re8
{(00:06)} 10. h3 {(00:39)} a6 {(00:04)} 11. Bf4 {(
07:26)} Rb8 {(10:49)} 12. b3 Nc5 {(12:57)} 13. Re1 {(09:
27)} Nfd7 {(00:04)} 14. Be3 {(26:36)} Ne5 {(04:52)} 15.
Re2 {(00:34)} Nc6 {(15:38)} 16. Rc1 {(15:00)} Ne6 {
(07:23)} 17. Nxe6 {(01:30)} fxe6 {(00:21)} 18. Rd2 {
(03:38)} b6 {(08:10)} 19. a3 {(01:27)} e5 {(03:12)}
20. Ne2 {(01:14)} a5 {(03:19)} 21. Rd3 {(00:06)} Be6 {
(01:39)} 22. Qd2 {(00:08)} Qd7 {(00:32)} 23. Kh2 {(
00:10)} Rf8 {(00:10)} 24. b4 {(00:08)} axb4 {(00:44)} 25.
axb4 {(00:03)} Ra8 {(01:45)} 26. c5 {(06:48)} Ra2 {
(01:06)} 27. Qe1 {(00:04)} Nd4 {(05:04)} 28. Nc3 {(
17:29)} Nc2 {(02:20)} 29. Qd2 {(01:42)} Nxe3 {(02:35)} 30.
Nxa2 {(00:03)} Nxg2 {(00:15)} 31. cxd6 {(01:16)} cxd6 {
(01:01)} 32. Rxd6 {(05:19)} Qf7 {(00:20)} 33. Rxe6 {
(01:03)} Nh4 {(02:27)} 34. gxh4 {(00:03)} Qxe6 {(
00:42)} 35. Nc3 {(00:14)} Qf6 {(01:04)} 36. Rc2 {(01:22)}
Qxh4 {(00:22)} 37. Qe2 {(00:17)} h5 {(03:14)} 38. Nd5 {
(00:06)} Bh6 {(00:12)} 39. b5 {(00:20)} Bf4+ {(03:
22)} 40. Kg2 {(00:00)} Qg5+ {(00:00)} 41. Kh1 {(04:30)}
Qh4 {(06:07)} 42. Kg2 {(02:04)} Qg5+ {(00:10)} 43. Kf1 Bh2
{(06:32)} 44. Qe3 {(04:22)} Qg1+ {(05:27)} 45. Ke2 {
(00:39)} Qb1 {(00:49)} 46. Qd3 {(02:19)} Qg1 {(07:
39)} 47. Qe3 {(08:11)} Qb1 {(00:08)} 48. Qd3 {(06:18)} Qg1
{(02:04)} 1/2-1/2

[Event "42nd Olympiad Baku 2016 Open"]
[Site "Baku"]
[Date "2016.09.06"]
[Round "5.11"]
[White "Cubas, Jose Fernando"]
[Black "Edouard, Romain"]
[Result "1-0"]
[ECO "B67"]
[WhiteElo "2470"]
[BlackElo "2635"]
[Annotator ""]
[PlyCount "109"]
[EventDate "2016.??.??"]
[EventType "team-tourn"]
[EventCountry "AZE"]
[SourceTitle "playchess.com"]
[Source "ChessBase"]
[WhiteTeam "Paraguay"]
[BlackTeam "France"]
[WhiteTeamCountry "PAR"]
[BlackTeamCountry "FRA"]
[TimeControl "40/5400+30:1800+30"]

1. e4 {(00:00)} c5 {(00:00)} 2. Nf3 {(00:00)} d6 {(
00:00)} 3. d4 {(00:00)} cxd4 {(00:00)} 4. Nxd4 {(00:00)}
Nf6 {(00:00)} 5. Nc3 {(00:00)} Nc6 {(00:00)} 6. Bg5 {
(03:59)} e6 {(00:10)} 7. Qd2 {(00:20)} a6 {(00:11)}
8. O-O-O {(00:22)} Bd7 {(00:15)} 9. f3 {(02:47)} h6 {
(00:28)} 10. Be3 {(02:58)} b5 {(00:06)} 11. Nxc6 {(
05:07)} Bxc6 {(00:05)} 12. Ne2 {(00:25)} Bb7 {(01:24)} 13.
Nd4 {(00:29)} e5 {(08:57)} 14. Nb3 {(03:27)} Rc8 {(
05:53)} 15. Qa5 {(03:29)} Qd7 {(13:15)} 16. Qb6 {(07:51)}
Rc6 {(03:11)} 17. Qa7 {(10:39)} Qc8 {(09:16)} 18. Na5 {
(10:52)} Rc7 {(22:05)} 19. Nxb7 {(02:03)} Qxb7 {(
00:03)} 20. Qxb7 {(00:04)} Rxb7 {(00:02)} 21. c4 {(03:37)}
Be7 {(00:45)} 22. cxb5 {(03:19)} axb5 {(00:04)} 23. Be2 {
(02:21)} O-O {(02:32)} 24. Kb1 {(00:44)} Rd8 {(01:
43)} 25. Rd2 {(06:25)} d5 {(01:06)} 26. exd5 {(00:18)}
Nxd5 {(02:05)} 27. Rhd1 {(00:56)} Nxe3 {(00:06)} 28. Rxd8+
{(00:07)} Bxd8 {(00:04)} 29. Rxd8+ {(00:03)} Kh7 {(
00:03)} 30. g3 {(01:58)} b4 {(12:58)} 31. Re8 {(20:45)} f6
{(00:31)} 32. Bd3+ {(00:39)} g6 {(00:11)} 33. Rd8 {
(03:41)} h5 {(02:50)} 34. Kc1 {(00:25)} Ra7 {(09:
39)} 35. Kd2 {(01:02)} Nf5 {(00:02)} 36. Bxf5 {(02:46)}
gxf5 {(00:02)} 37. Rb8 {(00:10)} Rxa2 {(00:14)} 38. Rxb4 {
(00:03)} Ra1 {(00:15)} 39. Rb7+ {(04:38)} Kg6 {(00:
03)} 40. Rc7 {(00:00)} Rh1 {(00:00)} 41. b4 {(13:07)}
Rxh2+ {(01:54)} 42. Kc3 {(00:15)} Rf2 {(16:47)} 43. b5 {
(00:40)} Rxf3+ {(00:03)} 44. Kc2 {(01:35)} Rf2+ {(
03:57)} 45. Kc3 {(01:22)} Rf1 {(03:27)} 46. Kc2 {(00:55)}
Ra1 {(00:05)} 47. b6 {(02:26)} Ra6 {(03:28)} 48. Rc6 {
(00:13)} Kg5 {(06:17)} 49. Kd3 {(00:39)} Ra1 {(03:
31)} 50. Kc2 {(00:40)} Ra8 {(02:18)} 51. Kd3 {(00:25)}
Rd8+ {(02:23)} 52. Kc3 {(02:51)} e4 {(00:41)} 53. Kc2 {
(05:15)} Rd5 {(00:29)} 54. Rc3 {(00:18)} Rd6 {(00:
32)} 55. b7 {(00:43)} 1-0

[Event "42nd Olympiad Baku 2016 Open"]
[Site "Baku"]
[Date "2016.09.06"]
[Round "5.20"]
[White "Daly, Colm"]
[Black "Rakotomaharo, Tahina Hajanirina"]
[Result "1-0"]
[ECO "A16"]
[WhiteElo "2328"]
[BlackElo "2060"]
[Annotator ""]
[PlyCount "129"]
[EventDate "2016.??.??"]
[EventType "team-tourn"]
[EventCountry "AZE"]
[SourceTitle "playchess.com"]
[Source "ChessBase"]
[WhiteTeam "Ireland"]
[BlackTeam "Madagascar"]
[WhiteTeamCountry "IRL"]
[BlackTeamCountry "MAD"]
[TimeControl "40/5400+30:1800+30"]

1. c4 {(00:00)} Nf6 {(01:07)} 2. Nc3 {(00:30)} d5 {
(00:42)} 3. cxd5 {(02:23)} Nxd5 {(00:09)} 4. g3 {(
00:24)} g6 {(00:39)} 5. Bg2 {(00:07)} Nb6 {(00:14)} 6. d3
{(00:38)} Bg7 {(00:55)} 7. h4 {(00:14)} O-O {(02:
54)} 8. h5 {(00:16)} a5 {(06:01)} 9. Be3 {(00:20)} a4 {
(06:22)} 10. Rc1 {(01:08)} a3 {(06:05)} 11. b3 {(
00:03)} Ra5 {(09:08)} 12. hxg6 {(00:33)} fxg6 {(01:27)}
13. b4 {(04:19)} Ra8 {(07:48)} 14. Qb3+ {(00:04)} Kh8 {
(01:00)} 15. Nh3 {(00:29)} Bxh3 {(13:44)} 16. Rxh3 {
(00:18)} Nc6 {(13:08)} 17. Bxc6 {(09:15)} bxc6 {(
00:04)} 18. Ne4 {(01:59)} Qd5 {(00:48)} 19. Qb1 {(03:39)}
Na4 {(04:16)} 20. Rh4 {(02:44)} Rfb8 {(01:59)} 21. Rc4 {
(02:43)} Rb5 {(10:27)} 22. Qc1 {(15:18)} Nb2 {(05:
53)} 23. Nc3 {(10:13)} Qg2 {(03:15)} 24. Nxb5 {(02:56)}
Nxc4 {(00:02)} 25. Qxc4 {(01:59)} cxb5 {(00:12)} 26. Qc1 {
(21:22)} Qg1+ {(02:53)} 27. Kd2 {(00:07)} Qxc1+ {(
00:03)} 28. Kxc1 {(00:14)} Ra6 {(00:39)} 29. Re4 {(01:59)}
Rc6+ {(01:02)} 30. Bc5 {(00:05)} Kg8 {(00:56)} 31. Kc2 {
(05:30)} e6 {(00:06)} 32. Kb3 {(00:20)} Bb2 {(00:
08)} 33. Bd4 {(00:58)} Bc1 {(01:08)} 34. Re5 {(01:11)} Rd6
{(00:42)} 35. Be3 {(01:22)} Bxe3 {(00:28)} 36. Rxe3 {
(02:18)} Kf7 {(00:22)} 37. Re5 {(02:51)} c6 {(00:
20)} 38. Rc5 {(00:42)} Kf6 {(00:25)} 39. f4 {(00:37)} Ke7
{(00:36)} 40. Kxa3 {(00:00)} Kd7 {(00:00)} 41. Kb3 {
(00:19)} Kc7 {(06:51)} 42. a4 {(00:17)} bxa4+ 43. Kxa4 Kb6
{(06:54)} 44. Re5 {(00:56)} Ka6 {(04:33)} 45. Kb3 {
(00:24)} Kb7 {(01:03)} 46. Kc3 {(00:18)} Kc7 {(01:
11)} 47. Kc4 {(00:07)} Kb6 {(00:19)} 48. Re4 {(00:59)} Rd7
{(06:56)} 49. Rxe6 {(02:53)} Ra7 {(00:06)} 50. d4 {
(00:43)} Ra1 {(00:54)} 51. d5 {(01:37)} Rc1+ {(00:
05)} 52. Kb3 {(00:11)} Rb1+ {(00:30)} 53. Kc3 {(01:55)}
Rg1 {(03:27)} 54. Rxc6+ {(00:58)} Kb7 {(00:01)} 55. Kd4 {
(01:16)} Rxg3 {(00:10)} 56. b5 {(01:24)} h5 {(02:
30)} 57. d6 {(00:49)} Rg1 {(01:18)} 58. Ke5 {(00:30)} Rd1
{(01:28)} 59. e4 {(03:09)} h4 {(00:23)} 60. Rc3 {(
00:51)} Kb6 {(02:23)} 61. Ke6 {(00:39)} Rd4 {(00:20)} 62.
e5 {(01:08)} Rxf4 {(00:30)} 63. d7 {(00:11)} Rd4 {(
00:12)} 64. Rc6+ {(00:47)} Kxb5 {(01:16)} 65. Rd6 {(00:14]
} 1-0

[Event "42nd Olympiad Baku 2016 Open"]
[Site "Baku"]
[Date "2016.09.06"]
[Round "5.22"]
[White "De La Riva Aguado, Oscar"]
[Black "Adu, Oladapo"]
[Result "1-0"]
[ECO "B90"]
[WhiteElo "2503"]
[BlackElo "2334"]
[Annotator ""]
[PlyCount "65"]
[EventDate "2016.??.??"]
[EventType "team-tourn"]
[EventCountry "AZE"]
[SourceTitle "playchess.com"]
[Source "ChessBase"]
[WhiteTeam "Andorra"]
[BlackTeam "Nigeria"]
[WhiteTeamCountry "AND"]
[BlackTeamCountry "NGR"]
[TimeControl "40/5400+30:1800+30"]

1. e4 {(00:00)} c5 {(00:00)} 2. Nf3 {(00:17)} d6 {(
00:00)} 3. d4 {(01:28)} cxd4 {(00:00)} 4. Nxd4 {(00:07)}
Nf6 {(00:00)} 5. Nc3 {(00:09)} a6 {(00:05)} 6. h3 {
(01:20)} e6 {(00:18)} 7. g4 {(00:43)} b5 {(00:43)}
8. Bg2 {(03:55)} Bb7 {(00:10)} 9. a3 {(01:29)} Nfd7 {
(00:51)} 10. g5 {(04:03)} g6 {(19:11)} 11. Be3 {(
15:19)} Bg7 {(04:26)} 12. h4 {(07:04)} Nb6 {(02:40)} 13.
O-O {(07:51)} Nc4 {(03:01)} 14. Bc1 {(00:14)} Qb6 {
(00:41)} 15. Nce2 {(06:08)} Nd7 {(12:04)} 16. c3 {(
02:37)} Qc7 {(03:47)} 17. Ng3 Nc5 {(13:05)} 18. h5 {(08:
17)} O-O-O {(01:06)} 19. h6 {(02:45)} Bf8 {(00:46)} 20. b3
{(02:22)} Nb6 {(00:52)} 21. a4 {(10:31)} e5 {(01:
37)} 22. axb5 {(01:09)} exd4 23. cxd4 {(00:05)} Ncd7 {(18:
04)} 24. Bf4 {(04:43)} axb5 {(01:19)} 25. Rc1 {(00:47)}
Bc6 {(08:01)} 26. d5 {(00:20)} Ne5 {(05:26)} 27. Qe2 {
(02:38)} Kb8 {(03:16)} 28. dxc6 {(01:01)} Be7 {(00:
47)} 29. Qxb5 {(00:28)} Rde8 {(01:24)} 30. Rc2 {(06:56)}
f6 {(00:19)} 31. Ra1 {(00:30)} fxg5 {(01:00)} 32. Bxe5 {
(01:00)} dxe5 {(00:18)} 33. Rca2 {(00:05)} 1-0